 Dungeon Crawl Stone Soup version 0.28-a0-1227-ga9037bb4c8 (webtiles) character file.

Game seed: 10655396334683029585

996 silenth the Cleaver (level 8, -4/73 HPs)
             Began as a Hill Orc Fighter on Dec 22, 2021.
             Slain by a small abomination (10 damage)
             ... on level 1 of the Abyss.
             The game lasted 00:07:14 (6929 turns).

silenth the Cleaver (Hill Orc Fighter)              Turns: 6929, Time: 00:07:14

Health: -4/73      AC: 11    Str: 19    XL:     8   Next: 19%
Magic:  8/8        EV:  9    Int: 10    God:
Gold:   231        SH:  4    Dex: 10    Spells: 6/7 levels left

rFire   + . .      SeeInvis .   a - +0 war axe
rCold   . . .      Faith    .   c - +0 buckler
rNeg    . . .      Spirit   .   b - +0 scale mail
rPois   .          Reflect  .   o - +1 hat
rElec   .          Harm     .   (no cloak)
rCorr   .          Rampage  .   (no gloves)
Will    .....                   n - +2 pair of boots
Stlth   ..........              (no amulet)
HPRegen 0.22/turn               f - ring of protection from fire
MPRegen 0.11/turn               (no ring)

@: no status effects
A: no striking features
a: no special abilities


You were on level 1 of the Abyss.
You visited 1 branch of the dungeon, and saw 5 of its levels.
You visited the Abyss 1 time.

You collected 244 gold pieces.
You spent 13 gold pieces at shops.

Inventory:

Hand Weapons
 a - a +0 war axe (weapon)
 m - a +0 mace of draining
 r - a +0 flail
Missiles
 p - 4 curare-tipped darts
 s - 5 boomerangs (quivered)
Armour
 b - a +0 scale mail (worn)
 c - a +0 buckler (worn)
 g - a +0 tower shield
 n - a +2 pair of boots (worn)
 o - a +1 hat (worn)
Jewellery
 f - a ring of protection from fire (left hand)
Wands
 k - a wand of polymorph (2)
Scrolls
 h - a scroll of fog {unknown}
 i - 2 scrolls of identify
 j - a scroll of amnesia
 l - a scroll of vulnerability {unknown}
Potions
 e - a potion of curing
 q - 2 potions of brilliance


   Skills:
 + Level 7.3 Fighting
 * Level 10.2 Axes
 - Level 3.2 Armour
 - Level 3.2 Shields


You had 6 spell levels left.
You knew the following spells:

 Your Spells              Type           Power      Damage    Failure   Level
a - Animate Skeleton      Necr           0%         N/A       77%         1

Your spell library contained the following spells:

 Spells                   Type           Power      Damage    Failure   Level
 Apportation              Tloc           0%         N/A       77%         1
 Sandblast                Erth           0%         2d4       77%         1
 Summon Small Mammal      Summ           0%         N/A       77%         1
 Passwall                 Tmut/Erth      0%         N/A       88%         2
 Stone Arrow              Conj/Erth      0%         3d7       98%         3


Dungeon Overview and Level Annotations

Branches:
Dungeon (5/15)
 Temple: D:4-7

Altars:
Cheibriados
Fedhas
Hepliaklqana
Trog
Yredelemnul

Shops:
D:2 *((!!

Annotations:
D:3 1 runed translucent door, awesomeguy42's ghost, amateur HuNe
D:5 Eustachio


Message History

Found a robe.
Okay, then.
You see here 4 curare-tipped darts.
p - 4 curare-tipped darts The small abomination hits you!
You hit the small abomination.
The small abomination is lightly damaged.
The small abomination hits you!
The small abomination hits you but does no damage.
You hit the small abomination.
The small abomination is moderately damaged.
The small abomination hits you!
* * * LOW HITPOINT WARNING * * *
Found 24 gold pieces.
You barely miss the small abomination.
The small abomination is moderately damaged.
The small abomination hits you.
* * * LOW HITPOINT WARNING * * *
You block the small abomination's attack.
You barely miss the small abomination.
The small abomination is moderately damaged.
The small abomination hits you but does no damage.
You feel much better. The small abomination hits you!
* * * LOW HITPOINT WARNING * * *
You closely miss the small abomination.
The small abomination is moderately damaged.
The small abomination hits you but does no damage.
The small abomination hits you!
* * * LOW HITPOINT WARNING * * *
You hit the small abomination but do no damage.
The small abomination is moderately damaged.
The small abomination hits you.
* * * LOW HITPOINT WARNING * * *
You hit the small abomination but do no damage.
The small abomination is moderately damaged.
The small abomination completely misses you.
You slash the small abomination!
The small abomination is severely damaged.
The small abomination hits you!
You die...

...▓..#.#.▒ .▒
.▒ ≈.# ..▒.▒...
.░ .≈##
......x░..░ #
...#..▒..░.░.▓..
..
.....#.#..▒░.░ .
### .... #..░.░░
..▒ ...
.#..#░..[..▓.▒#
. ▒#
#..▓..#..x.░$# #
#▒ ▒##..##@.# .
..#....░▒ .
▒#.#...#.▓ .
▒...##.▒
...▒▒.▒.### ▒▒
... ... .▒


You could see a small abomination.

Vanquished Creatures
  Grinder (D:3)
  An orc warrior (D:5)
  An ice beast (D:5)
  A necrophage (D:5)
  A phantom (D:4)
  A jelly (D:5)
  A hound (D:5)
  An orc priest (D:5)
  4 iguanas
  Natasha (thrice) (D:3)
  2 orc wizards (D:5)
  3 hound skeletons
  4 adders
  9 orcs
  7 ball pythons
  5 endoplasms
  4 giant cockroaches
  7 goblins
  4 hobgoblins
  4 jackals
  A quokka (D:1)
  6 bats
  2 frilled lizards (D:2)
  3 kobolds
  4 rats
80 creatures vanquished.

Vanquished Creatures (others)
  A plant (D:5)
1 creature vanquished.

Grand Total: 81 creatures vanquished

Notes
Turn   | Place    | Note
-------+----------+-------------------------------------------
     0 | D:1      | silenth the Hill Orc Fighter began the quest for the Orb.
     0 | D:1      | Reached XP level 1. HP: 19/19 MP: 1/1
    67 | D:1      | Reached skill level 3 in Axes
   186 | D:1      | Found a faded altar of an unknown god.
   193 | D:1      | Reached XP level 2. HP: 27/27 MP: 2/2
   755 | D:1      | Reached skill level 4 in Fighting
   959 | D:2      | Found Janucloa's Distillery.
   996 | D:2      | Reached skill level 4 in Axes
   996 | D:2      | Reached XP level 3. HP: 18/33 MP: 3/3
  1444 | D:2      | Found a bloodstained altar of Trog.
  1617 | D:2      | Found Liagumaf's Assorted Antiques.
  1831 | D:2      | Found Fonishu's Weapon Emporium.
  2074 | D:2      | Found Feomalaji's Weapon Emporium.
  2166 | D:2      | Found Gihu's Distillery.
  2170 | D:2      | Bought a potion of degeneration for 13 gold pieces
  2365 | D:3      | Noticed Grinder
  2384 | D:3      | Paralysed by Grinder for 6 turns
  2387 | D:3      | HP: 3/51 [Grinder (5)]
  2394 | D:3      | Killed Grinder
  2395 | D:3      | Reached skill level 5 in Fighting
  2395 | D:3      | Reached skill level 6 in Axes
  2395 | D:3      | Reached XP level 4. HP: 5/42 MP: 4/4
  2395 | D:3      | Reached XP level 5. HP: 6/48 MP: 5/5
  2395 | D:3      | Reached XP level 6. HP: 7/56 MP: 6/6
  3143 | D:3      | Reached skill level 7 in Axes
  3183 | D:3      | Noticed Natasha
  3192 | D:3      | Killed Natasha
  3416 | D:3      | Noticed Natasha
  3494 | D:3      | Found a runed translucent door.
  3496 | D:3      | Noticed awesomeguy42's ghost (amateur HuNe)
  3512 | D:3      | Killed Natasha
  3621 | D:3      | Noticed Natasha
  3627 | D:3      | Killed Natasha
  4132 | D:4      | Learned a level 1 spell: Animate Skeleton
  4431 | D:4      | Found a bloodstained altar of Trog.
  4563 | D:5      | Entered Level 5 of the Dungeon
  4563 | D:5      | Noticed an ice beast
  4641 | D:5      | Noticed a necrophage
  4647 | D:5      | Killed a necrophage
  4648 | D:5      | Reached skill level 6 in Fighting
  4648 | D:5      | Reached skill level 8 in Axes
  4648 | D:5      | Reached XP level 7. HP: 54/63 MP: 7/7
  5075 | D:5      | Found a snail-covered altar of Cheibriados.
  5089 | D:5      | Noticed Eustachio
  5392 | D:5      | Found a blossoming altar of Fedhas.
  5422 | D:5      | Found a basalt altar of Yredelemnul.
  5540 | D:5      | Reached skill level 9 in Axes
  5889 | D:5      | Noticed a two-headed ogre
  6329 | D:5      | Reached skill level 7 in Fighting
  6356 | D:5      | Reached XP level 8. HP: 69/73 MP: 8/8
  6429 | D:5      | Found a faded altar of an unknown god.
  6429 | D:5      | Found a hazy altar of Hepliaklqana.
  6431 | D:5      | Found a faded altar of an unknown god.
  6690 | D:5      | Reached skill level 10 in Axes
  6879 | D:5      | Cast into level 1 of the Abyss (Eustachio)
  6885 | Abyss:1  | Noticed a silent spectre
  6905 | Abyss:1  | Noticed a small abomination
  6923 | Abyss:1  | HP: 6/73 [small abomination (6)]
  6929 | Abyss:1  | Slain by a small abomination

Illustrated notes

Levels and vault maps discovered:
D:1:      lemuel_arrival_tunnels, layout_loops_corners,
          shapermc_ecumenical_altar_totnotflames
D:2:      layout_loops_ring, basic_altar, serial_shops, shop,
          nicolae_diamond_shop, nicolae_shop_temple_entry_statues_fountains,
          nicolae_lakefront_shop, shop
D:3:      layout_loops_ring, ebering_ghost_sewer_d, uniq_grinder, uniq_natasha
D:4:      layout_basic, mainiacjoe_overflow_catwalk
D:5:      layout_layer_cave, fedhas_ov_isle_minmay, cheibriados_altar_1,
          nicolae_hepliaklqana_ecumenical_no_more, yredelemnul_altar_generic,
          minmay_fractal_squares_gapless_5, uniq_eustachio
Abyss:1:  base:
D:3

Skill      XL: |  1  2  3  4  5  6  7  8 |
---------------+-------------------------+-----
Axes           | 3 4 6 8 9 10 | 10.2
Fighting       | 4 5 6 7 |  7.3
Armour         | |  3.2
Shields        | |  3.2

Action                   |  1- 3 |  4- 6 |  7- 9 || total
-------------------------+-------+-------+-------++-------
Melee: War axe           |   110 |    79 |   122 ||   311
  Use: Potion            |     4 |     1 |     1 ||     6
       Scroll            |       |     4 |     7 ||    11
Armor: Scale mail        |    55 |    30 |    47 ||   132
       Skin              |    10 |       |       ||    10
Dodge: Dodged            |    37 |    32 |    38 ||   107
Block: Buckler           |    24 |    18 |    23 ||    65

Table legend: (Time is in decaauts)
 A = Elapsed time spent in this place.
 B = Non-inter-level travel time spent in this place.
 C = Inter-level travel time spent in this place.
 D = Time resting spent in this place.
 E = Time spent auto-exploring this place.
 F = Levels seen in this place.
 G = Mean time per level.
                   A        B        C        D        E       F      G
               +--------+--------+--------+--------+--------+-----+--------+
         Total |   6969 |   6774 |    195 |   2046 |   3798 |   6 | 1161.5 |
       Dungeon |   6919 |   6724 |    195 |   2046 |   3798 |   5 | 1383.8 |
         Abyss |     49 |     49 |      0 |      0 |      0 |   1 |   49.0 |
               +--------+--------+--------+--------+--------+-----+--------+

Top non-repeatable levels by time:
     D:3: 1927 daAuts
     D:5: 1921 daAuts
     D:2: 1404 daAuts
     D:1: 963 daAuts
     D:4: 704 daAuts
 Abyss:1: 49 daAuts
